[Event "Live Chess"]
[Site "Chess.com"]
[Date "2023.05.20"]
[Round "-"]
[White "MJMykh"]
[Black "Leonid_Starozhilov"]
[Result "0-1"]
[WhiteElo "1034"]
[BlackElo "2653"]
[TimeControl "300"]
[EndTime "11:49:45 PDT"]
[Termination "Leonid_Starozhilov won by checkmate"]

1. e4 Nc6 2. Nf3 d5 3. exd5 Qxd5 4. Nc3 Qa5 5. Bb5 Nf6 6. Bxc6+ bxc6 7.
O-O Bg4 8. h3 Bh5 9. a3 e6 10. b4 Bxb4 11. Bb2 Bd6 12. Re1 Rb8 13. Bc1 O-O 14. Ne4 Nxe4 15. Rxe4 Qf5 16. Re3 Bxf3 17.
Rxf3 Qe5 18. c3 Qh2+ 19. Kf1 Qh1+ 20. Ke2 Qxg2 21. d3 Rb5 22. Re3 Rf5 23. Qf1 Qg6 24.
Bd2 Bf4 25. Re4 Bxd2 26. Kxd2 Rd8 27. d4 c5 28. Ke3 cxd4+ 29. cxd4 c5 30. Rd1 Rfd5 31.
Qc4 Qxe4+ 32. Kxe4 Rxd4+ 33. Rxd4 Rxd4+ 34. Qxd4 cxd4 35. Kxd4 g5 36. Ke5 Kg7 37. a4 h5 38.
a5 Kg6 39. a6 h4 40. Ke4 f5+ 41. Kf3 e5 42. Kg2 e4 43. f3 e3 44. Kf1 f4 45.
Ke2 Kf6 46. Ke1 Ke6 47. Ke2 Kd6 48. Kd3 Kc6 49. Ke2 Kb6 50. Kd3 Kxa6 51. Ke2 Kb5 52. Kd3 Kc5 53. Ke2 Kd4 54. Kd1 Kd3 55. Ke1 a5 56. Kd1 a4 57. Ke1 a3 58. Kd1 a2 59. Ke1 e2 60. Kf2 Kd2 61. Kg2 a1=Q 62. Kh2 Ke3 63. Kg2 e1=Q 64. Kh2 g4 65. hxg4 h3 66. g5 Qh1# 0-1

[Event "Live Chess"]
[Site "Chess.com"]
[Date "2023.05.20"]
[Round "-"]
[White "wadsy27"]
[Black "mightysmasher"]
[Result "1-0"]
[WhiteElo "2584"]
[BlackElo "2129"]
[TimeControl "300"]
[EndTime "11:49:46 PDT"]
[Termination "wadsy27 won by checkmate"]

1. e4 e6 2. d4 d5 3. e5 c5 4.
c3 Nc6 5. Nf3 Qb6 6. Bd3 Bd7 7.
O-O Rc8 8. Re1 cxd4 9. h4 dxc3 10. Nxc3 Bb4 11. h5 d4 12. Ne4 Bxe1 13. Nd6+ Kf8 14. Qxe1 Nge7 15. h6 g6 16. Bg5 Nf5 17. Nxc8 Bxc8 18.
g4 Nfe7 19. Bf6 Rg8 20. Ng5 Nd5 21. Nxh7+ Ke8 22. Be4 Nf4 23. Ng5 Bd7 24. h7 Rf8 25. Bg7 Nxe5 26. Bxf8 Nxg4 27. h8=Q d3 28. Bd6# 1-0

[Event "Live Chess"]
[Site "Chess.com"]
[Date "2023.05.20"]
[Round "-"]
[White "mach247"]
[Black "Duke_of_Bebington"]
[Result "1-0"]
[WhiteElo "1335"]
[BlackElo "1561"]
[TimeControl "300"]
[EndTime "11:49:56 PDT"]
[Termination "mach247 won by checkmate"]

1. e4 e5 2. Nf3 Nf6 3. d4 Nxe4 4. Bd3 Nc6 5. Nc3 Nxc3 6. bxc3 exd4 7. cxd4 d5 8. O-O Be7 9. h3 O-O 10. c3 Be6 11.
Qc2 h6 12. Bf4 Bf6 13. Rfe1 Ne7 14. Rab1 b6 15. Ne5 c5 16. Qd2 Rc8 17. Bxh6 gxh6 18. Qxh6 Ng6 19. Nxg6 fxg6 20. Qxg6+ Bg7 21. Qxe6+ Kh8 22.
Qg6 Qh4 23. Re7 Bf6 24. Rh7+ Qxh7 25. Qxh7# 1-0

[Event "Live Chess"]
[Site "Chess.com"]
[Date "2023.05.20"]
[Round "-"]
[White "CeladonFish"]
[Black "Olisingapore"]
[Result "0-1"]
[WhiteElo "1094"]
[BlackElo "1918"]
[TimeControl "300"]
[EndTime "11:50:10 PDT"]
[Termination "Olisingapore won by checkmate"]

1. d4 Nf6 2. c4 d5 3. Nc3 c5 4.
cxd5 Nxd5 5. Nxd5 Qxd5 6. e3 Nc6 7. b3 cxd4 8. exd4 Qe4+ 9. Be3 e5 10. dxe5 Bb4+ 11. Ke2 Bg4+ 12. f3 Rd8 13. Qxd8+ Kxd8 14. fxg4 Nd4+ 15. Kf2 Qc2+ 16. Kg3 Ne6 17. Nf3 Qc3 18. Bxa7 Qxa1 19. Bb6+ Ke7 20. Nh4 Qc3+ 21. Kf2 Bc5+ 22. Bxc5+ Qxc5+ 23. Kg3 Qe3+ 24. Nf3 Qf4+ 25. Kh3 Ng5+ 26.
Nxg5 Qxg5 27. Bc4 h5 28. Kg3 Qe3+ 29. Kh4 hxg4+ 30. Kxg4 f5+ 31. Kxf5 g6+ 32. Kxg6 Rh6+ 33.
Kg7 Qg5# 0-1

[Event "Live Chess"]
[Site "Chess.com"]
[Date "2023.05.20"]
[Round "-"]
[White "matt1979"]
[Black "Conradical12"]
[Result "1-0"]
[WhiteElo "1468"]
[BlackElo "1526"]
[TimeControl "300"]
[EndTime "11:50:21 PDT"]
[Termination "matt1979 won by resignation"]

1. f4 Nc6 2. Nf3 f5 3. e3 e6 4.
Bc4 h5 5. O-O h4 6. h3 Rh6 7. d3 d5 8. Bb5 Rg6 9. Ne5 Rg3 10.
Nxc6 bxc6 11. Bxc6+ Bd7 12. Bxa8 Qxa8 13. Nc3 d4 14.
Qe2 dxc3 15. bxc3 Bc6 16. Rf2 Bd6 17. Bd2 Nf6 18. Re1 Bf3 19. Rxf3 Qxf3 20. Qxf3 Rxf3 21. gxf3 Nd5 22. Kf2 g5 23. e4 Nxf4 24. Bxf4 Bxf4 25. Kg2 Bd2 26. Re2 Bxc3 27. exf5 e5 28. Re4 Ke7 29. Rc4 Ba5 30. Ra4 Bb6 31. c3 Kf6 32. d4 exd4 33.
cxd4 Kxf5 34. Kf2 c5 35. d5 Ke5 36. Rg4 Bd8 37. f4+ Kf5 38. fxg5 Bxg5 39. Ra4 c4 40.
Rxa7 Ke4 41. Rd7 Kd3 42. d6 c3 43. Rc7 c2 44. d7 Kd2 45. a4 c1=Q 46. Rxc1 Kxc1 47.
a5 Bd8 48. a6 Bb6+ 49. Kf3 1-0

[Event "Live Chess"]
[Site "Chess.com"]
[Date "2023.05.20"]
[Round "-"]
[White "1PRK1"]
[Black "Brooms1989"]
[Result "1-0"]
[WhiteElo "1378"]
[BlackElo "1006"]
[TimeControl "300"]
[EndTime "11:50:24 PDT"]
[Termination "1PRK1 won by checkmate"]

1. e4 e5 2. Nf3 Nc6 3. Bb5 a6 4.
Ba4 Nf6 5. d3 Bc5 6. c3 h6 7. Bxc6 dxc6 8. Nxe5 Bd6 9. Nf3 Bg4 10.
Nbd2 Qd7 11. O-O O-O-O 12. Re1 Bxf3 13. Nxf3 Be7 14. d4 c5 15. d5 c6 16. c4 cxd5 17.
cxd5 g5 18. Ne5 Qe8 19. Nc4 Qb5 20. b3 h5 21. d6 Qb4 22. Bd2 Qb5 23. dxe7 Rde8 24.
Nd6+ Kd7 25. Nxb5 Rxe7 26. Bxg5+ Ke8 27. Bxf6 Rg8 28. Bxe7 Kxe7 29. Qd6+ Ke8 30. Nc7# 1-0

[Event "Live Chess"]
[Site "Chess.com"]
[Date "2023.05.20"]
[Round "-"]
[White "BostonStrangler"]
[Black "Richardallis"]
[Result "0-1"]
[WhiteElo "2034"]
[BlackElo "1759"]
[TimeControl "300"]
[EndTime "11:50:34 PDT"]
[Termination "Richardallis won on time"]

1. Nf3 f5 2. e4 fxe4 3. Ng5 d5 4.
d3 exd3 5. Bxd3 Nf6 6. Nxh7 e5 7.
Bg6+ Kd7 8. Ng5 Qe7 9. Nc3 c6 10. Nf7 Rh4 11. Bg5 Rd4 12. Qe2 Kc7 13. Nxe5 Qb4 14.
Nd3 Rxd3 15. Qxd3 Qxb2 16. O-O Bb4 17. Bf4+ Kd8 18. Na4 Qa3 19. c3 Qxa4 20. cxb4 Qxb4 21. Rfe1 Qxf4 22. Re3 Nbd7 23. Rae1 Nc5 24. Qa3 b6 25. Rf3 Qd2 26. Qe3 Qxe3 27. Rfxe3 Bd7 28. Re7 Nd3 29.
R1e3 d4 30. Rxd7+ Kxd7 31. Rxd3 c5 32. h4 Kd6 33. h5 Kd5 34. Rg3 c4 35. Rg5+ Kd6 36.
Kf1 d3 37. Ke1 Rd8 38. Kd2 Nd5 39. Be4 Nf6 40. Bg6 a6 41. Rf5 b5 42. h6 Ke6 43.
hxg7 Rg8 44. Rg5 Rxg7 45. Bf5+ Kf7 46. Rxg7+ Kxg7 47. Bc8 Ne4+ 48. Ke1 d2+ 49. Kd1 c3 0-1

[Event "Live Chess"]
[Site "Chess.com"]
[Date "2023.05.20"]
[Round "-"]
[White "Ocelot32"]
[Black "risinghelios"]
[Result "0-1"]
[WhiteElo "1397"]
[BlackElo "1937"]
[TimeControl "300"]
[EndTime "11:50:41 PDT"]
[Termination "risinghelios won by resignation"]

1. e4 c5 2. Nf3 Nc6 3. c3 d5 4. exd5 Qxd5 5. Na3 Bg4 6. Be2 Nf6 7. O-O e6 8. d4 cxd4 9. Nxd4 Bxe2 10. Qxe2 O-O-O 11. Be3 e5 12. Nxc6 Qxc6 13. Rfd1 Bxa3 14. bxa3 Kb8 15. Rab1 Ne4 16. Rxd8+ Rxd8 17. Rb3 Nxc3 18. Bxa7+ Kxa7 19. Qe3+ Kb8 20. Qxe5+ Qd6 21. Qxd6+ Rxd6 22. g3 Ne2+ 23. Kg2 Nd4 24. Re3 Ne6 25. a4 Rd2 26. a3 Ra2 27. a5 Ka7 28. h4 Ka6 29. Rf3 f6 30. g4 Kxa5 31. Re3 Nf8 32. Re7 Rxa3 33.
Rxb7 Ra4 34. Rxg7 Ne6 35. Rg8 h5 36. gxh5 Rxh4 37. Rh8 Nf4+ 38. Kg3 Rxh5 39. Kxf4 Rxh8 0-1

[Event "Live Chess"]
[Site "Chess.com"]
[Date "2023.05.20"]
[Round "-"]
[White "tuppyglossop"]
[Black "SupremeTactician"]
[Result "0-1"]
[WhiteElo "1593"]
[BlackElo "2400"]
[TimeControl "300"]
[EndTime "11:50:45 PDT"]
[Termination "SupremeTactician won by resignation"]

1. e4 e5 2. Nf3 Nc6 3. Bb5 a6 4.
Ba4 Nf6 5. d3 Bc5 6. c3 O-O 7. O-O d5 8. exd5 Nxd5 9. h3 Bd6 10.
Bxc6 bxc6 11. Re1 Re8 12. Bg5 f6 13. Bh4 Nf4 14. d4 e4 15. Nh2 Bf5 16. Nd2 Nd3 17.
Re2 Nxb2 18. Qb3+ Kh8 19. Qxb2 e3 20. fxe3 Bd3 21. Rf2 g5 22. Ng4 gxh4 23. Nxf6 Rxe3 24. Nf3 Qxf6 25. Qd2 Bf4 26. Ne5 Rxe5 27. dxe5 Bxd2 28.
Rxf6 Be3+ 29. Kh2 Bg5 30. Rxc6 Bf4+ 31. Kh1 Rg8 32. Rf6 Bxe5 33. Re6 Bxc3 34. Rd1 Bf5 35. Re7 Bb4 36. Rxc7 Be4 37. Rf7 Rxg2 38. Rdd7 Rg7+ 39. Kh2 Bd6+ 40. Rxd6 Rxf7 41. Rd8+ Kg7 42. Rd4 Rf2+ 43. Kg1 Rf4 44. Rd7+ Kf6 45. Rd6+ Ke5 46. Rxa6 Rf3 47. Ra5+ Kf4 48. Rh5 Rxh3 49. Rxh7 Bxh7 0-1

[Event "Live Chess"]
[Site "Chess.com"]
[Date "2023.05.20"]
[Round "-"]
[White "Horseymobile"]
[Black "viktorskliarov"]
[Result "0-1"]
[WhiteElo "1182"]
[BlackElo "2650"]
[TimeControl "300"]
[EndTime "11:50:53 PDT"]
[Termination "viktorskliarov won by resignation"]

1. d4 Nf6 2. c4 e6 3. Nc3 Bb4 4. Qc2 c5 5. Nf3 Nc6 6. a3 Bxc3+ 7. bxc3 d6 8. e3 e5 9. Bb2 O-O 10. Be2 b6 11. O-O Qe8 12. d5 Na5 13. e4 Nh5 14.
Ng5 Nf4 15. Bc1 Nxe2+ 16. Qxe2 Ba6 17. Qh5 h6 18. f4 Bxc4 19. Rf3 Be2 20. f5 hxg5 21.
Bxg5 f6 22. Qxe8 Rfxe8 0-1

[Event "Live Chess"]
[Site "Chess.com"]
[Date "2023.05.20"]
[Round "-"]
[White "worldchessleaguelive"]
[Black "ClassyChameleon"]
[Result "1-0"]
[WhiteElo "1357"]
[BlackElo "1062"]
[TimeControl "300"]
[EndTime "11:50:53 PDT"]
[Termination "worldchessleaguelive won by resignation"]

1. d4 d5 2. Bf4 Nc6 3. Nf3 Nf6 4.
e3 Ne4 5. Nbd2 Bf5 6. Nxe4 Bxe4 7. Nd2 f5 8. Nxe4 fxe4 9. Be2 e6 10. O-O Qe7 11. Be5 O-O-O 12. f4 Rg8 13. Bb5 Na5 14. a3 Nc4 15. Bxc4 dxc4 16. Qe2 b5 17. b3 cxb3 18. Qxb5 bxc2 19. Qa6+ Kd7 20. Qxa7 Ke8 21. Rfc1 g5 22. Rxc2 gxf4 23. Qa4+ Kf7 24. Rxc7 Qxc7 25. Bxc7 Re8 26. Bxf4 Be7 27. Qb5 Kg7 28. a4 Kh8 29. Be5+ Rg7 30. Qxe8+ 1-0

[Event "Live Chess"]
[Site "Chess.com"]
[Date "2023.05.20"]
[Round "-"]
[White "ReceptiveCamel"]
[Black "JohanKjeldahl"]
[Result "0-1"]
[WhiteElo "626"]
[BlackElo "1802"]
[TimeControl "300"]
[EndTime "11:51:01 PDT"]
[Termination "JohanKjeldahl won by checkmate"]

1. e4 c5 2. Bc4 e6 3. Nf3 Nc6 4. d3 a6 5. Bf4 b5 6. Bb3 Bb7 7. Nc3 Nf6 8. O-O Be7 9. h3 Rc8 10.
a4 b4 11. Nb1 O-O 12. c3 d5 13. cxb4 Nxb4 14. Nc3 d4 15. Ne2 a5 16. Be5 Nd7 17. Nexd4 cxd4 18. Nxd4 Nxe5 19. Nb5 Nexd3 20. Na7 Ra8 21.
Nb5 Bc5 22. Bc4 Bxe4 23. Bxd3 Bxd3 24. Re1 Bxb5 25. axb5 Qf6 26. Qa4 Qxf2+ 27. Kh2 Bd6+ 28. Kh1 Qg3 29. Qc2 Qh2# 0-1

[Event "Live Chess"]
[Site "Chess.com"]
[Date "2023.05.20"]
[Round "-"]
[White "manthanit"]
[Black "OceanFloater"]
[Result "0-1"]
[WhiteElo "944"]
[BlackElo "979"]
[TimeControl "300"]
[EndTime "11:51:10 PDT"]
[Termination "OceanFloater won on time"]

1. e4 c6 2. Nf3 d5 3. exd5 cxd5 4. d4 Nc6 5. Nc3 e6 6. Be2 Nge7 7. O-O Ng6 8. Bg5 Be7 9. Bf4 Nxf4 10. Bb5 a6 11.
Ba4 b5 12. Bb3 Bf6 13. a4 Nxd4 14. axb5 Nxf3+ 15. Qxf3 Ng6 16. bxa6 Bxa6 17. Ba4+ Ke7 18. Rfe1 Ne5 19. Qe3 Qc7 20. Nb5 Bxb5 21. Bxb5 Ng4 22.
Qg3 Qxg3 23. hxg3 Rxa1 24. Rxa1 Bxb2 25. Ra7+ Kf6 26. Bd3 Ne5 27. Be2 Rc8 28. Bh5 g6 29.
Bd1 d4 30. Ra2 Bc3 31. f4 Ng4 32. Bxg4 h5 33. Bd1 Be1 34. Kh2 g5 35. fxg5+ Kxg5 36.
Kh3 f5 37. Ra6 e5 38. Ra7 e4 39. Rh7 e3 40. Rxh5+ Kf6 41. g4 fxg4+ 42. Kxg4 e2 43. Bxe2 Rxc2 44. Rf5+ Ke7 45. Bd3 Rxg2+ 46. Kf3 Rg3+ 47.
Ke2 Bc3 48. Rf3 Rg2+ 49. Kf1 Ra2 50. Rf4 Kd6 51. Rf5 Rd2 52. Bc4 Rb2 53. Rh5 Kc6 54. Rf5 Rb1+ 55. Ke2 Rb2+ 56. Kd1 Rd2+ 57. Kc1 d3 0-1

[Event "Live Chess"]
[Site "Chess.com"]
[Date "2023.05.20"]
[Round "-"]
[White "BostonStrangler"]
[Black "risinghelios"]
[Result "1-0"]
[WhiteElo "2045"]
[BlackElo "1931"]
[TimeControl "300"]
[EndTime "11:51:37 PDT"]
[Termination "BostonStrangler won by resignation"]

1. Nf3 d5 2. g3 Bg4 3. Ne5 Bf3 4.
Nxf3 Nf6 5. Bg2 e6 6. O-O Bd6 7. c4 h5 8. cxd5 exd5 9. Nc3 h4 10. Nb5 hxg3 11. Nxd6+ Qxd6 12. fxg3 Ne4 13. d3 Qc5+ 14. d4 1-0

[Event "Live Chess"]
[Site "Chess.com"]
[Date "2023.05.20"]
[Round "-"]
[White "Hacker_2009"]
[Black "LanceMaster23"]
[Result "0-1"]
[WhiteElo "1921"]
[BlackElo "1852"]
[TimeControl "300"]
[EndTime "11:51:53 PDT"]
[Termination "LanceMaster23 won by resignation"]

1. d4 Nf6 2. Nf3 d5 3. e3 Bf5 4.
c4 e6 5. Nc3 c6 6. Be2 Be7 7.
O-O Nbd7 8. cxd5 exd5 9. b3 O-O 10. Bb2 Re8 11. Rc1 Ne4 12. Na4 h6 13. Nc5 Ndxc5 14.
dxc5 Qa5 15. a3 Qc7 16. b4 a5 17. Nd4 Bg6 18. Bd3 axb4 19. axb4 Ra2 20. Qb3 Rea8 21. Rfd1 Nxf2 22. Kxf2 Bxd3 23. Rxd3 Qxh2 24. Nf3 Bh4+ 25. Nxh4 Qxh4+ 26. Kg1 Qe4 27. Qc3 Rxb2 28. Qxb2 Qxd3 29. Qf2 Ra2 30. Qxa2 Qxe3+ 31. Kh2 Qf4+ 32. g3 Qxc1 33.
Qa8+ Kh7 34. Qxb7 Qd2+ 35. Kh3 f5 36. Qxc6 Qd1 37. Kg2 Qe2+ 38. Kg1 Qe3+ 39. Kf1 d4 40.
Qg2 d3 41. Qf2 Qc1+ 42. Qe1 d2 0-1

[Event "Live Chess"]
[Site "Chess.com"]
[Date "2023.05.20"]
[Round "-"]
[White "martynstanley"]
[Black "vovanada"]
[Result "1/2-1/2"]
[WhiteElo "1005"]
[BlackElo "825"]
[TimeControl "300"]
[EndTime "11:51:54 PDT"]
[Termination "Game drawn by stalemate"]

1. d4 d5 2. e3 e6 3. Bd3 Nf6 4. c3 Ne4 5. Nd2 Nxd2 6. Bxd2 Bd6 7. f4 O-O 8. Nf3 Nc6 9. Ne5 Nxe5 10. fxe5 Be7 11.
O-O f6 12. Rf3 fxe5 13. Bxh7+ Kxh7 14. Rh3+ Kg8 15. Qh5 a5 16. Qh7+ Kf7 17. Rf1+ Bf6 18. Qg6+ Ke7 19. dxe5 Bxe5 20. Rxf8 Qxf8 21. Rf3 Qg8 22.
Qg5+ Kd6 23. Bc1 Bd7 24. b3 Rf8 25. Ba3+ c5 26. b4 b6 27. bxa5 bxa5 28. h4 Rxf3 29.
gxf3 Bxc3 30. Kf2 Bb4 31. Bb2 a4 32. Qe5+ Ke7 33. Qg5+ Kd6 34. Be5+ Kc6 35. e4 dxe4 36. fxe4 Qf7+ 37. Ke3 c4 38. Ke2 c3 39. Kd1 Qf1+ 40. Kc2 Qf2+ 41. Kd3 Qd2+ 42. Qxd2 cxd2 43. Bc3 d1=Q+ 44.
Kc4 Bxc3 45. Kxc3 Qa1+ 46. Kd3 Qxa2 47. Ke3 Qb3+ 48. Kf4 a3 49. e5 a2 50. Kg5 a1=Q 51. Kg6 Qg1+ 52. Kh7 Qf3 53. h5 Qg5 54. Kg8 Qh6 1/2-1/2

[Event "Live Chess"]
[Site "Chess.com"]
[Date "2023.05.20"]
[Round "-"]
[White "Doge_Dandolo"]
[Black "MaximKris"]
[Result "1-0"]
[WhiteElo "2088"]
[BlackElo "1880"]
[TimeControl "300"]
[EndTime "11:51:55 PDT"]
[Termination "Doge_Dandolo won by checkmate"]

1. Nf3 d5 2. c4 e6 3. g3 Nf6 4.
Bg2 Nc6 5. O-O Bc5 6. d4 Be7 7.
Qc2 O-O 8. a3 dxc4 9. Qxc4 Qd5 10. Nbd2 Qxc4 11. Nxc4 Rd8 12. Rd1 Bc5 13. e3 e5 14. b4 Bb6 15. Ncxe5 Nxe5 16. Nxe5 c5 17. Nc4 cxd4 18. Nxb6 axb6 19. exd4 Be6 20. Bb2 Rac8 21. Rac1 Bb3 22. Rd3 Rxc1+ 23. Bxc1 Bc4 24. Rd2 Nd5 25. Bb2 b5 26. Rd1 f6 27. Re1 Kf7 28. Bh3 Re8 29. Rxe8 Kxe8 30. Bc8 b6 31. Kg2 Ke7 32. Kf3 g5 33.
Ke4 h5 34. Bb7 Nc7 35. d5 Kd6 36. Bxf6 Nxd5 37. Bxg5 Nc3+ 38. Kd4 Ne2+ 39. Ke3 Nc3 40. Bf3 Nb1 41. Bxh5 Nxa3 42. Bg6 Bb3 43. h4 Nc4+ 44. Kd4 Ke6 45. h5 Nd6 46. h6 Nf7 47. Be3 Nh8 48. Bd3 Bc4 49. Bxc4+ bxc4 50. Kxc4 Kf5 51. Kb5 Kg4 52.
Kxb6 Kf3 53. Kc7 Ng6 54. h7 Nh8 55. b5 Ke4 56. b6 Kd5 57. b7 Ke6 58. b8=Q Kf7 59.
Qxh8 Kg6 60. Qg8+ Kf5 61. h8=Q Ke4 62. Qh4+ Kf3 63. Qd5+ Ke2 64. Qg4+ Kf1 65. Qdd1+ Kg2 66. Qgf3+ Kh2 67. Qdh1# 1-0

[Event "Live Chess"]
[Site "Chess.com"]
[Date "2023.05.20"]
[Round "-"]
[White "kerryman1969"]
[Black "ethiebear"]
[Result "1-0"]
[WhiteElo "1158"]
[BlackElo "774"]
[TimeControl "300"]
[EndTime "11:52:01 PDT"]
[Termination "kerryman1969 won by checkmate"]

1. e4 e5 2. Nf3 Nc6 3. d4 d6 4. dxe5 Nxe5 5. Nxe5 dxe5 6. Qxd8+ Kxd8 7. Be3 Be6 8. Nc3 Bb4 9. Bd2 Nf6 10. f3 Re8 11. a3 Bxc3 12. Bxc3 Ke7 13. Rd1 Red8 14. Be2 Nd7 15. Bb5 Nc5 16. Bxe5 Rxd1+ 17. Kxd1 Rd8+ 18. Ke2 f5 19. exf5 Bxf5 20. Re1 Nd7 21. Bc3 Bxc2 22. Bxg7 Nc5 23. Kf2+ Kf7 24. Bc3 Nd3+ 25. Bxd3 Rxd3 26.
Re3 c5 27. Rxd3 Bxd3 28. Ke3 c4 29. Bd4 Ke6 30. Bxa7 Kd5 31. f4 Kc6 32. g4 Kb5 33. h4 Ka4 34. Bd4 Kb3 35. f5 h5 36. f6 Bg6 37. g5 b5 38. Bc3 b4 39. axb4 Ka2 40.
Kd4 Kb3 41. b5 Ka4 42. b6 Kb5 43. b7 Kc6 44. b8=Q Kd7 45. Kxc4 Ke6 46. Qe5+ Kd7 47.
Bb4 Kc8 48. Qe7 Kb8 49. Kc5 Ka8 50. Kc6 Kb8 51. Qb7# 1-0

[Event "Live Chess"]
[Site "Chess.com"]
[Date "2023.05.20"]
[Round "-"]
[White "zdanevych"]
[Black "BigDom87"]
[Result "0-1"]
[WhiteElo "1519"]
[BlackElo "1275"]
[TimeControl "300"]
[EndTime "11:52:05 PDT"]
[Termination "BigDom87 won by resignation"]

1. d4 Nf6 2. c4 e6 3. Nc3 d5 4.
cxd5 exd5 5. Nf3 Be7 6. Bf4 c6 7. h3 O-O 8. e3 h6 9. Bd3 Bd6 10. Ne5 Nbd7 11. O-O Qc7 12. Rc1 Nxe5 13. Bxe5 Bxe5 14.
dxe5 Qxe5 15. Bb1 Qg5 16. Kh1 Bf5 17. f4 Qg6 18. Qb3 Bxb1 19. Rxb1 Rab8 20. Na4 Ne4 21. Rf3 Nd2 22. Qd1 Nxf3 23. Qxf3 Qxb1+ 24. Kh2 Qe4 25. Qe2 Qxa4 26. b3 0-1

[Event "Live Chess"]
[Site "Chess.com"]
[Date "2023.05.20"]
[Round "-"]
[White "Greenbecker"]
[Black "bigedd"]
[Result "1-0"]
[WhiteElo "1656"]
[BlackElo "553"]
[TimeControl "300"]
[EndTime "11:52:07 PDT"]
[Termination "Greenbecker won by resignation"]

1. e4 e5 2. Nf3 Nc6 3. Bb5 a6 4. Bxc6 bxc6 5. O-O Bb7 6. Nxe5 Bd6 7. Nf3 Nf6 8. e5 Bxe5 9. Nxe5 O-O 10. Re1 Re8 11.
Nf3 c5 12. Rxe8+ Qxe8 13. Nc3 Ne4 14. Nxe4 Qxe4 15. d3 Qg4 16. Be3 Bxf3 17. Qxf3 Qxf3 18. gxf3 Re8 19. Bxc5 d6 20. Bd4 Re2 21. c4 c5 22.
Bc3 f6 23. Re1 Rxe1+ 24. Bxe1 Kf7 25. Kg2 Ke6 26. b4 Kf5 27. b5 Ke6 28. bxa6 1-0

[Event "Live Chess"]
[Site "Chess.com"]
[Date "2023.05.20"]
[Round "-"]
[White "booktrunk"]
[Black "1600x"]
[Result "1/2-1/2"]
[WhiteElo "1328"]
[BlackElo "1666"]
[TimeControl "300"]
[EndTime "11:52:07 PDT"]
[Termination "Game drawn by repetition"]

1. d4 Nf6 2. Nf3 d5 3. c3 c5 4. dxc5 Nc6 5. Be3 Bd7 6. g3 Ne4 7. Bg2 e6 8. b4 Be7 9. Nfd2 f5 10. Nxe4 fxe4 11. Bd4 O-O 12. Qd2 Nxd4 13. Qxd4 g6 14. O-O b6 15. cxb6 axb6 16. Nd2 Bf6 17. Qe3 Bg5 18.
Qd4 Bf6 19. Qe3 Bg5 20. Qd4 Bf6 1/2-1/2

[Event "Live Chess"]
[Site "Chess.com"]
[Date "2023.05.20"]
[Round "-"]
[White "1PRK1"]
[Black "Sidharth2008"]
[Result "1-0"]
[WhiteElo "1381"]
[BlackElo "1119"]
[TimeControl "300"]
[EndTime "11:52:09 PDT"]
[Termination "1PRK1 won by checkmate"]

1. e4 e5 2. Nf3 Nc6 3. Bb5 a6 4. Ba4 b5 5. Bb3 Bc5 6. c3 Nge7 7. O-O O-O 8. d4 exd4 9. cxd4 Bb6 10. d5 Na5 11. Bc2 Nc4 12. b3 Nd6 13. e5 Nb7 14. Qd3 d6 15. Qxh7# 1-0

[Event "Live Chess"]
[Site "Chess.com"]
[Date "2023.05.20"]
[Round "-"]
[White "mightysmasher"]
[Black "MJMykh"]
[Result "1-0"]
[WhiteElo "2129"]
[BlackElo "1034"]
[TimeControl "300"]
[EndTime "11:52:11 PDT"]
[Termination "mightysmasher won by resignation"]

1. e4 e5 2. Nf3 Nc6 3. d4 exd4 4. Nxd4 Nxd4 5. Qxd4 Nf6 6. Nc3 b6 7. Bg5 Bc5 8. Qd2 O-O 9. e5 Qe7 10. O-O-O Ne4 11.
Nxe4 Qxe5 12. Nxc5 Qxc5 13. Re1 d6 14. Bd3 Be6 15. a3 Qd5 16. Be3 Qa2 17. Qc3 Qa1+ 18. Kd2 Qa2 19. b3 Qxa3 20. Ra1 1-0

[Event "Live Chess"]
[Site "Chess.com"]
[Date "2023.05.20"]
[Round "-"]
[White "DRS44"]
[Black "PLZ909"]
[Result "0-1"]
[WhiteElo "1409"]
[BlackElo "1313"]
[TimeControl "300"]
[EndTime "11:52:12 PDT"]
[Termination "PLZ909 won by checkmate"]

1. e4 d5 2. exd5 Qxd5 3. Nf3 Bg4 4. c4 Qa5 5. Nc3 e6 6. Be2 Bb4 7. h3 Bh5 8. g4 Bg6 9. Ne5 Qxe5 10. O-O Bd6 11. f4 Qd4+ 12. Kh2 Bxf4+ 13. Rxf4 Qxf4+ 14. Kg1 Qd4+ 15. Kh2 Nf6 16. Nb5 Qf4+ 17. Kh1 Be4+ 18. Kg1 Qg3+ 19. Kf1 Qxh3+ 20. Kf2 Nxg4+ 21. Ke1 Qg3+ 22. Kf1 Nh2# 0-1

[Event "Live Chess"]
[Site "Chess.com"]
[Date "2023.05.20"]
[Round "-"]
[White "NAZRIZ1977"]
[Black "MarkLim1"]
[Result "0-1"]
[WhiteElo "2112"]
[BlackElo "1641"]
[TimeControl "300"]
[EndTime "11:52:24 PDT"]
[Termination "MarkLim1 won by resignation"]

1. c4 e6 2. g3 d5 3. Bg2 Nf6 4. Nf3 Be7 5. O-O O-O 6. b3 c6 7. Bb2 b6 8. e3 Nbd7 9. Nc3 Ba6 10. d3 Rc8 11. Qe2 b5 12. cxb5 Bxb5 13. Nxb5 cxb5 14. Ne1 Qb6 15. g4 Rc6 16. g5 Ne8 17. h4 Nd6 18. Qg4 Rfc8 19. h5 Nf5 20. g6 hxg6 21. hxg6 fxg6 22. Qxg6 Bf6 23. Bxf6 Nxf6 24. Nf3 Rc2 25. Ng5 Rd2 26. Qf7+ Kh8 27. Nxe6 Rg8 28. e4 dxe4 29. Bxe4 Nxe4 30. dxe4 Nh6 31. Qg6 Rd6 0-1

[Event "Live Chess"]
[Site "Chess.com"]
[Date "2023.05.20"]
[Round "-"]
[White "ramses-IIG"]
[Black "ACx04"]
[Result "1-0"]
[WhiteElo "789"]
[BlackElo "415"]
[TimeControl "300"]
[EndTime "11:52:39 PDT"]
[Termination "ramses-IIG won by checkmate"]

1. e4 e5 2. Nf3 Nc6 3. Bc4 h6 4. d3 Nf6 5. c3 Bc5 6. d4 exd4 7.
cxd4 Bb6 8. d5 Nb4 9. Qd2 Nxe4 10. Qxb4 Bxf2+ 11. Kf1 Bb6 12. Ke2 Qf6 13. Bd2 Nxd2 14. Qxd2 a5 15. Nc3 d6 16. Bb5+ Bd7 17. Bxd7+ Kxd7 18. Nb5 Qe7+ 19. Kd1 Rhe8 20. Re1 Qd8 21. Rxe8 Qxe8 22. Kc2 Qe4+ 23. Kd1 Be3 24. Qc3 Bd4 25. Qxc7+ Ke8 26. Nxd6+ Kf8 27. Qxf7# 1-0

[Event "Live Chess"]
[Site "Chess.com"]
[Date "2023.05.20"]
[Round "-"]
[White "Leonid_Starozhilov"]
[Black "KeithArkell"]
[Result "1/2-1/2"]
[WhiteElo "2652"]
[BlackElo "2610"]
[TimeControl "300"]
[EndTime "11:52:55 PDT"]
[Termination "Game drawn by agreement"]

1. e4 c6 2. d3 d5 3. Nd2 e5 4. Ngf3 Bg4 5. h3 Bxf3 6. Nxf3 Nd7 7. c3 dxe4 8. dxe4 Nc5 9. Qc2 Nf6 10. Bg5 Be7 11.
Bxf6 Bxf6 12. a4 a5 13. Bc4 O-O 14. O-O Qe7 15. Rfd1 Rfd8 16. g3 g6 17. h4 h5 18.
Kg2 Kg7 19. Rxd8 Rxd8 20. b3 Rd7 21. b4 axb4 22. cxb4 Ne6 23. Bxe6 Qxe6 24. b5 cxb5 25. axb5 Qd6 1/2-1/2

[Event "Live Chess"]
[Site "Chess.com"]
[Date "2023.05.20"]
[Round "-"]
[White "omisoc"]
[Black "xx_blindpuffin_xx"]
[Result "1-0"]
[WhiteElo "2190"]
[BlackElo "2202"]
[TimeControl "300"]
[EndTime "11:53:08 PDT"]
[Termination "omisoc won by resignation"]

1. b3 d5 2. Bb2 Nf6 3. e3 Bf5 4. Nf3 e6 5. g3 Be7 6. Bg2 O-O 7. O-O h6 8. d3 c5 9. Nbd2 Nc6 10. Qe2 Bh7 11.
Rfe1 Qc7 12. a3 e5 13. e4 d4 14. a4 a6 15. Bh3 b5 16. Nh4 Ne8 17. Nf5 Nd6 18.
Nf3 Nxf5 19. Bxf5 Bxf5 20. exf5 Bd6 21. Qe4 f6 22. Ba3 Ne7 23. Nd2 Rfb8 24. Bb2 Qc6 25. g4 Qxe4 26. Nxe4 Nc8 27. Ba3 b4 28. Bc1 Bf8 29.
f4 exf4 30. Bxf4 Rb7 31. Re2 Nb6 32. Rae1 Nd5 33. Bd2 Kf7 34. Kg2 Rd8 35. Kf3 Bd6 36.
h4 Be5 37. g5 hxg5 38. hxg5 Rh8 39. g6+ Ke7 40. Nxc5 Rc7 41. Nxa6 Rxc2 42. Nxb4 Rh3+ 43. Ke4 Nc3+ 44. Bxc3 Rxe2+ 45. Rxe2 dxc3 46. d4 Rh4+ 47. Kf3 Rf4+ 48. Kg2 Rg4+ 49. Kf1 Rxd4 50. Nc6+ Kd6 51. Nxd4 Bxd4 52. Ke1 Kc5 53. Kd1 Kb4 54. Kc2 Be5 55. Rxe5 fxe5 56. f6 1-0